 Dungeon Sprint DCSS version 0.17.1-3-g152610e (webtiles) character file.

287 manyhoops the Grappler (level 6, -3/71 HPs)
             Began as a Troll Berserker on Apr 19, 2016.
             Was a Believer of Trog.
             Succumbed to Sonja's poison
             ... in the Dungeon (Sprint I: "Red Sonja").
             The game lasted 00:00:56 (161 turns).

manyhoops the Grappler (Troll Berserker)             Turns: 161, Time: 00:00:56

Health: -3/71      AC:  5    Str: 28    XL:     6   Next: 8%
Magic:  5/5        EV: 11    Int:  3    God:    Trog [**....]
Gold:   180        SH:  0    Dex:  9    Spells: 0 memorised, 5 levels left

rFire  . . .     SeeInvis .       - Unarmed
rCold  . . .     Clarity  .     a - +0 animal skin
rNeg   . . .     SustAt   .     (no shield)
rPois  .         Gourm    +     (helmet restricted)
rElec  .         Spirit   .     (no cloak)
rCorr  .         Warding  .     (gloves unavailable)
rMut   .         NoTele   +     (boots unavailable)
MR     .....                    (no amulet)
Stlth  +.........               (no ring)
                                (no ring)

@: lethally poisoned (-3 -> -78), slowed, very slow, not resistant to hostile
enchantments, very unstealthy
A: unfitting armour, claws 3, fast metabolism 3, gourmand, regeneration 2,
shaggy fur 1, tough skin 2
a: Berserk, Trog's Hand, Burn Spellbooks, Renounce Religion


You were in the Dungeon.
You worshipped Trog.
Trog was pleased with you.
You were not hungry.

You visited 1 branch You collected 180 gold pieces.

Inventory:

Armour
 a - a +0 animal skin (worn)
Scrolls
 h - a scroll of blinking
Potions
 c - a potion of curing
 d - a potion of heal wounds
 e - a potion of haste
 f - 2 potions of magic
 g - a potion of berserk rage
Books
 i - a book of Conjurations

   Spells                             Type                      Level
   a - Magic Dart                     Conjuration                  1
   b - Searing Ray                    Conjuration                  2
   c - Dazzling Spray                 Conjuration/Hexes            3
   d - Fulminant Prism                Conjuration/Hexes            4
   e - Iskenderun's Mystic Blast      Conjuration                  4
   f - Iskenderun's Battlesphere      Conjuration/Charms           5
   Trog disapproves of the use of such an item.
Comestibles
 b - 2 bread rations


   Skills:
 + Level 7.1 Fighting
 - Level 4.8 Dodging
 + Level 0.2 Stealth
 + Level 9.0 Unarmed Combat


You had 5 spell levels left.
You didn't know any spells.

Dungeon Overview and Level Annotations

Branches:
Dungeon (1/1)

Altars:
Sif Muna
Vehumet

Annotations:
D Sonja


Innate Abilities, Weirdness & Mutations

You are too large for most types of armour.
You have claws for hands.
Your metabolism is lightning-fast.
You like to eat raw meat.
You heal very quickly.
You are covered in fur (AC +1).
You have very tough skin (AC +2).


Message History

Sonja hits you with an uncursed short sword of venom.
You are more poisoned.
You closely miss Sonja.
* * * LOW HITPOINT WARNING * * *
You feel extremely sick.
Sonja hits you with an uncursed short sword of venom.
* * * LOW HITPOINT WARNING * * *
You are more poisoned.
Sonja hits you with an uncursed short sword of venom.
* * * LOW HITPOINT WARNING * * *
Sonja closely misses you.
Sonja bows elegantly.
Sonja hits you with an uncursed short sword of venom.
* * * LOW HITPOINT WARNING * * *
You are more poisoned.
Sonja hits you but does no damage.
Sonja hits you with an uncursed short sword of venom.
* * * LOW HITPOINT WARNING * * *
You miss Sonja.
You die...

#..#####'#####'#
#..# #..# #.#
#..# #### ##.#
#..# #+#..+ #⌠⌠#
+.(._# ####
#_.#+# ##(#
##.##


+$@$+ #$K$# ##.## #+# You could see Sonja.

Vanquished Creatures
  Sigmund (D)
  An ogre (D)
  Ijyb (D)
  A jelly (D)
4 creatures vanquished.

Notes
Turn   | Place    | Note
--------------------------------------------------------------
     0 | D        | manyhoops the Troll Berserker began the quest for the Orb.
     0 | D        | Reached XP level 1. HP: 22/22 MP: 0/0
     1 | D        | Noticed Ijyb
     5 | D        | Killed Ijyb
     5 | D        | Reached skill level 4 in Unarmed Combat
     5 | D        | Reached XP level 2. HP: 29/32 MP: 1/1
     8 | D        | Noticed an ogre
    11 | D        | Killed an ogre
    11 | D        | Reached ** piety under Trog
    11 | D        | Reached skill level 6 in Unarmed Combat
    11 | D        | Reached XP level 3. HP: 39/41 MP: 2/2
    11 | D        | Reached XP level 4. HP: 46/49 MP: 3/3
    20 | D        | Noticed Sigmund
    38 | D        | Killed Sigmund
    38 | D        | Reached skill level 7 in Fighting
    38 | D        | Reached skill level 8 in Unarmed Combat
    38 | D        | Reached XP level 5. HP: 6/62 MP: 4/4
   141 | D        | Found a deep blue altar of Sif Muna.
   142 | D        | Noticed a jelly
   143 | D        | Found a radiant altar of Vehumet.
   146 | D        | Killed a jelly
   146 | D        | Reached skill level 9 in Unarmed Combat
   146 | D        | Reached XP level 6. HP: 62/71 MP: 5/5
   155 | D        | Noticed Sonja
   161 | D        | Succumbed to Sonja's poison

Action                   |  1- 3 |  4- 6 || total
-------------------------+-------+-------++-------
Melee: Unarmed           |     5 |    15 ||    20
